Map: 死亡光环-天梯版

Players

iGMacSed (MacSed)

  • Race: Protoss Protoss
  • League: Master

Cyan - Winner!

  • Race: Protoss Protoss
  • League: Master

Event: DreamHack SC2 Masters 2020 Winter

VOD

Have the link to the VOD?

Description

Time

  • Played on: Oct. 29, 2020, 10:04 a.m.
  • Length: 24:38

All games in this series

Show
View Real Time Build Order
Export as new Build Order

iGMacSed Protoss 

Build Orders: Oracle Opening 

Get SALT Encoding   

  12  0:00  Probe  
  13  0:12  Probe  
  14  0:17  Pylon  
  14  0:24  Probe (Chrono Boost)  
  16  0:36  Gateway, Probe (Chrono Boost)  
  16  0:43  Probe (Chrono Boost)  
  16  0:45  Assimilator  
  17  0:51  Probe  
  18  1:03  Probe (Chrono Boost)  
  19  1:04  Assimilator  
  19  1:09  Gateway  
  19  1:13  Probe (Chrono Boost)  
  19  1:18  Probe (Chrono Boost)  
  20  1:24  Cybernetics Core  
  21  1:29  Probe  
  22  1:35  Pylon  
  22  1:41  Probe  
  23  1:53  Probe  
  24  2:00  Warp Gate  
  24  2:01  Stalker x2  
  28  2:05  Probe  
  29  2:12  Pylon  
  29  2:32  Stargate  
  29  2:35  Stalker  
  30  2:46  Stalker  
  32  3:08  Nexus  
  32  3:14  Shield Battery  
  32  3:16  Oracle (Chrono Boost)  
  35  3:26  Pylon  
  35  3:34  Pylon  
  35  3:35  Probe  
  36  3:46  Oracle  
  36  3:47  Probe  
  38  3:59  Probe  
  39  4:05  Shield Battery  
  39  4:12  Probe (Chrono Boost)  
  39  4:17  Twilight Council  
  40  4:21  Probe (Chrono Boost)  
  42  4:24  Probe (Chrono Boost)  
  43  4:31  Probe (Chrono Boost)  
  43  4:32  Probe (Chrono Boost)  
  43  4:36  Probe (Chrono Boost)  
  43  4:38  Stalker x2, Probe  
  50  4:47  Probe  
  50  4:49  Blink (Chrono Boost)  
  50  4:50  Probe  
  52  4:59  Probe  
  50  5:02  Probe  
  51  5:07  Robotics Facility  
  51  5:08  Shield Battery  
  51  5:11  Probe  
  51  5:14  Assimilator, Probe  
  52  5:24  Stalker x2, Probe  
  52  5:26  Probe  
  58  5:32  Pylon  
  58  5:36  Probe  
  58  5:37  Gateway x2  
  58  5:38  Probe  
  60  5:46  Pylon  
  60  5:48  Probe  
  61  5:55  Forge, Stalker x2, Observer  
  66  6:11  Nexus  
  66  6:16  Pylon, Probe x2  
  68  6:28  Probe  
  68  6:29  Probe  
  67  6:33  Stalker x3  
  67  6:37  Protoss Ground Weapons Level 1  
  73  6:40  Probe  
  73  6:41  Probe  
  73  6:45  Shield Battery  
  75  6:52  Probe  
  75  6:53  Probe  
  77  7:00  Stalker x3  
  81  7:04  Probe  
  81  7:05  Stalker, Probe  
  85  7:16  Probe  
  85  7:21  Immortal (Chrono Boost)  
  86  7:25  Stalker x3  
  92  7:34  Stalker  
  92  7:37  Probe  
  92  7:41  Probe  
  92  7:43  Probe  
  95  7:49  Probe  
  96  7:52  Gateway  
  96  7:53  Probe  
  96  7:55  Gateway, Probe  
  96  7:57  Gateway  
  98  7:59  Gateway  
  98  8:00  Pylon  
  98  8:02  Probe  
  98  8:05  Probe  
  100  8:07  Probe  
  100  8:10  Pylon  
  101  8:13  Assimilator  
  101  8:15  Assimilator  
  101  8:17  Photon Cannon, Immortal (Chrono Boost)  
  101  8:19  Probe  
  106  8:26  Probe  
  107  8:32  Probe  
  107  8:34  Robotics Bay  
  108  8:35  Robotics Facility  
  108  8:37  Assimilator  
  108  8:38  Photon Cannon  
  108  8:43  Protoss Ground Weapons Level 2 (Chrono Boost)  
  108  8:44  Pylon  
  108  8:47  Probe x2  
  108  8:48  Probe  
  111  8:51  Stalker x3  
  117  8:55  Pylon  
  117  8:57  Pylon  
  117  9:08  Pylon  
  117  9:09  Photon Cannon, Pylon, Dark Shrine  
  117  9:18  Pylon  
  117  9:20  Pylon  
  117  9:22  Disruptor (Chrono Boost)  
  117  9:23  Gravitic Boosters  
  117  9:24  Disruptor (Chrono Boost)  
  123  9:27  Stalker x2  
  125  9:34  Pylon  
  125  9:40  Pylon  
  121  9:47  Stalker x3  
  127  9:53  Zealot x3  
  127  9:57  Zealot  
  138  10:03  Disruptor (Chrono Boost)  
  128  10:07  Zealot  
  125  10:15  Stalker x5  
  125  10:20  Disruptor  
  138  10:33  Disruptor  
  139  10:35  Zealot x3  
  139  10:42  Pylon  
  145  10:51  Stalker x4  
  145  10:55  Disruptor  
  152  11:09  Nexus, Disruptor  
  155  11:12  Pylon  
  155  11:17  Shadow Stride  
  155  11:21  Zealot x4  
  153  11:31  Disruptor  
  143  11:46  Photon Cannon  
  148  11:47  Dark Templar x3  
  148  11:48  Zealot x2, Shield Battery  
  148  11:49  Disruptor (Chrono Boost)  
  158  11:56  Zealot x3  
  158  11:59  Charge (Chrono Boost)  
  162  12:04  Disruptor (Chrono Boost)  
  162  12:06  Photon Cannon  
  165  12:19  Zealot x4  
  174  12:23  Observer (Chrono Boost)  
  174  12:27  Stalker x4  
  180  12:40  Stalker x4  
  180  12:42  Observer  
  187  12:46  Probe  
  187  12:49  Fleet Beacon  
  188  12:53  Observer  
  188  12:55  Probe  
  188  12:56  Assimilator  
  190  12:59  Assimilator  
  190  13:00  Probe  
  191  13:12  Dark Templar  
  193  13:18  Stargate  
  193  13:22  Pylon  
  193  13:23  Protoss Ground Weapons Level 3 (Chrono Boost)  
  193  13:25  Photon Cannon  
  193  13:27  Photon Cannon  
  193  13:30  Shield Battery  
  193  13:40  Stalker x3  
  199  13:45  Photon Cannon  
  199  13:57  Nexus  
  199  13:59  Observer  
  199  14:01  Pylon  
  199  14:10  Pylon  
  194  14:40  Mothership (Chrono Boost)  
  188  14:58  Photon Cannon  
  188  14:59  Photon Cannon  
  182  15:01  Photon Cannon  
  182  15:05  Shield Battery  
  182  15:07  Shield Battery  
  182  15:10  Shield Battery  
  182  15:13  Shield Battery  
  179  15:16  Photon Cannon  
  179  15:17  Photon Cannon  
  179  15:21  Photon Cannon  
  179  15:23  Shield Battery, Protoss Air Weapons Level 1 (Chrono Boost)  
  179  15:27  Stargate  
  179  15:29  Stargate  
  179  15:30  Tempest (Chrono Boost)  
  179  15:31  Tempest (Chrono Boost)  
  185  15:44  Disruptor x2  
  191  15:51  Photon Cannon  
  191  15:53  Photon Cannon  
  191  15:59  Shield Battery  
  187  16:05  Stalker x6  
  187  16:06  Tempest (Chrono Boost)  
  173  16:18  Tempest (Chrono Boost)  
  167  16:25  Tempest (Chrono Boost)  
  172  16:32  Tempest (Chrono Boost)  
  182  16:42  Tempest (Chrono Boost)  
  180  16:51  Zealot  
  180  16:53  Tempest (Chrono Boost)  
  182  16:59  Protoss Shields Level 1  
  192  17:04  Tempest (Chrono Boost)  
  192  17:05  Probe  
  192  17:06  Tempest (Chrono Boost)  
  198  17:27  Warp Prism (Chrono Boost)  
  200  17:38  Protoss Air Weapons Level 2 (Chrono Boost)  
  200  17:46  Disruptor (Chrono Boost)  
  200  17:47  Tempest x2  
  187  17:56  Disruptor  
  182  18:03  Stalker x4  
  182  18:04  Stalker x3  
  180  18:17  Mothership (Chrono Boost)  
  186  18:25  Photon Cannon  
  189  18:27  Photon Cannon  
  189  18:28  Disruptor (Chrono Boost)  
  189  18:29  Photon Cannon, Disruptor (Chrono Boost)  
  189  18:31  Shield Battery  
  191  18:54  Nexus  
  191  18:56  Pylon  
  191  18:57  Disruptor x2  
  197  19:06  Dark Templar  
  187  19:28  Oracle  
  182  19:32  Disruptor (Chrono Boost)  
  182  19:33  Photon Cannon  
  182  19:35  Photon Cannon  
  185  19:39  Observer (Chrono Boost)  
  182  19:57  Observer (Chrono Boost), Oracle  
  182  19:59  Dark Templar x2, Zealot  
  192  20:00  Dark Templar x4  
  200  20:13  Pylon  
  200  20:14  Pylon, Nexus  
  198  20:17  Assimilator  
  198  20:18  Assimilator  
  195  20:24  Tempest  
  187  20:46  Zealot x6  
  199  21:00  Photon Cannon, Shield Battery  
  199  21:04  Shield Battery  
  199  21:06  Photon Cannon  
  199  21:07  Photon Cannon  
  199  21:11  Nexus  
  199  21:12  Protoss Shields Level 2  
  191  21:19  Pylon  
  191  21:24  Mothership  
  197  21:30  Zealot  
  192  21:46  Dark Templar  
  193  21:54  Observer x2  
  189  22:19  Photon Cannon  
  189  22:20  Photon Cannon  
  189  22:24  Dark Templar x2  
  181  22:51  Shield Battery  
  181  22:57  Pylon  
  181  23:01  Pylon  
  181  23:03  Stalker x3  
  181  23:05  Shield Battery  
  160  23:22  Tempest  
  138  23:43  Stalker x2  
  139  23:51  Dark Templar x4  
  147  23:56  Stalker  
Show
View Real Time Build Order
Export as new Build Order

Cyan Protoss - Winner!

Build Orders:  

Get SALT Encoding   

  12  0:00  Probe  
  13  0:12  Probe  
  14  0:18  Pylon  
  14  0:24  Probe (Chrono Boost)  
  15  0:36  Probe (Chrono Boost)  
  15  0:37  Gateway  
  16  0:45  Probe (Chrono Boost)  
  16  0:47  Assimilator  
  17  0:51  Probe  
  18  1:03  Probe (Chrono Boost)  
  19  1:04  Assimilator  
  19  1:09  Gateway  
  19  1:14  Probe (Chrono Boost)  
  20  1:19  Probe (Chrono Boost)  
  20  1:25  Cybernetics Core  
  21  1:29  Probe  
  22  1:34  Pylon  
  22  1:41  Probe  
  23  1:53  Probe  
  24  1:59  Warp Gate (Chrono Boost)  
  24  2:02  Adept x2  
  24  2:05  Probe  
  29  2:10  Pylon  
  29  2:17  Probe  
  30  2:30  Pylon  
  30  2:31  Probe  
  30  2:32  Sentry x2  
  35  2:49  Nexus  
  35  2:54  Shield Battery  
  35  3:00  Sentry  
  35  3:04  Sentry  
  37  3:07  Probe  
  38  3:13  Pylon  
  38  3:19  Probe  
  39  3:24  Twilight Council  
  39  3:29  Shield Battery  
  39  3:35  Probe  
  39  3:40  Stalker  
  42  3:43  Stalker  
  44  3:49  Probe  
  45  4:02  Probe  
  46  4:03  Stalker  
  48  4:13  Stalker  
  48  4:15  Probe (Chrono Boost)  
  51  4:18  Probe (Chrono Boost)  
  52  4:26  Adept  
  52  4:27  Probe (Chrono Boost)  
  52  4:30  Probe (Chrono Boost)  
  56  4:33  Probe (Chrono Boost)  
  56  4:35  Pylon, Blink (Chrono Boost), Probe (Chrono Boost)  
  58  4:42  Probe  
  59  4:48  Probe  
  59  4:52  Stalker  
  62  4:55  Probe  
  59  5:00  Probe  
  60  5:07  Probe  
  60  5:13  Gateway x2, Probe  
  62  5:19  Probe  
  61  5:22  Robotics Facility  
  61  5:25  Pylon  
  61  5:27  Probe  
  62  5:31  Probe  
  63  5:39  Assimilator, Pylon, Probe  
  63  5:40  Pylon  
  64  5:43  Probe  
  65  5:51  Probe  
  65  5:55  Nexus  
  66  6:05  Stalker x2  
  70  6:11  Stalker x2  
  70  6:13  Observer (Chrono Boost)  
  75  6:19  Gateway  
  75  6:23  Probe x2  
  75  6:24  Shield Battery  
  75  6:33  Stalker x2  
  75  6:35  Stalker  
  75  6:39  Stalker, Observer  
  82  6:42  Probe x2  
  84  6:48  Pylon  
  80  7:02  Stalker x2  
  80  7:03  Stalker x2  
  80  7:05  Probe (Chrono Boost)  
  80  7:06  Probe (Chrono Boost)  
  80  7:08  Probe (Chrono Boost)  
  91  7:14  Stalker  
  93  7:17  Probe (Chrono Boost)  
  93  7:19  Forge  
  93  7:20  Probe (Chrono Boost)  
  93  7:21  Probe (Chrono Boost)  
  94  7:23  Probe (Chrono Boost)  
  93  7:30  Probe  
  93  7:35  Stalker x4  
  93  7:36  Charge  
  100  7:39  Stalker  
  100  7:41  Probe  
  100  7:43  Probe x2  
  105  7:47  Assimilator  
  105  7:48  Protoss Ground Weapons Level 1 (Chrono Boost)  
  105  7:49  Assimilator  
  105  7:55  Gateway  
  105  7:57  Gateway  
  105  7:58  Gateway  
  105  8:07  Gateway  
  105  8:14  Gateway x2  
  105  8:18  Pylon, Sentry  
  107  8:27  Pylon  
  107  8:28  Pylon, Probe  
  107  8:32  Warp Prism (Chrono Boost)  
  108  8:41  Probe x2, Templar Archives  
  110  8:42  Assimilator, Probe  
  110  8:43  Pylon  
  110  8:46  Stalker x2  
  117  8:52  Stalker x2  
  117  8:55  Pylon  
  121  8:56  Zealot  
  123  9:05  Nexus  
  123  9:10  Pylon  
  123  9:15  Probe x2  
  123  9:16  Probe  
  126  9:17  High Templar x2  
  126  9:18  Zealot  
  126  9:22  Archon  
  126  9:23  Photon Cannon  
  132  9:27  Probe  
  131  9:34  High Templar  
  131  9:35  High Templar, Zealot x5  
  145  9:39  Archon, Zealot  
  145  9:43  Protoss Ground Weapons Level 2 (Chrono Boost)  
  145  9:47  Zealot  
  147  10:06  Zealot x6  
  142  10:13  Zealot x5  
  134  10:27  Stalker x4  
  134  10:28  Stalker  
  140  10:35  Stalker x3  
  138  10:41  Robotics Bay  
  138  10:46  Robotics Facility, Probe x4  
  140  10:52  Zealot  
  140  10:53  Zealot  
  144  10:58  Probe x2  
  144  10:59  Zealot x3  
  140  11:13  Stalker x5  
  140  11:16  Zealot  
  124  11:36  Disruptor (Chrono Boost)  
  124  11:37  Disruptor (Chrono Boost)  
  120  11:42  Zealot x5  
  120  11:43  Zealot, Dark Shrine  
  132  11:47  Probe x3  
  132  11:50  Assimilator  
  135  11:55  Assimilator, Probe  
  135  11:58  Protoss Ground Weapons Level 3 (Chrono Boost), Zealot x3  
  135  11:59  Probe x2  
  144  12:07  Gravitic Boosters (Chrono Boost)  
  144  12:08  Disruptor (Chrono Boost)  
  142  12:09  Disruptor (Chrono Boost)  
  148  12:18  Stalker x4  
  148  12:19  Stalker  
  158  12:31  Disruptor  
  157  12:38  Observer, Probe  
  157  12:42  Photon Cannon x2  
  153  12:45  Shield Battery x2  
  153  12:46  Photon Cannon  
  153  12:47  Photon Cannon  
  153  12:49  Photon Cannon  
  153  12:52  Shadow Stride (Chrono Boost), Observer  
  153  12:53  Pylon, Shield Battery  
  153  13:03  Observer  
  153  13:05  Zealot  
  155  13:07  High Templar x4  
  155  13:11  Disruptor  
  155  13:12  Archon x2  
  164  13:14  Photon Cannon  
  164  13:15  Shield Battery  
  164  13:16  Zealot  
  164  13:18  High Templar  
  164  13:19  High Templar  
  171  13:24  Observer  
  171  13:25  Archon  
  172  13:33  Zealot x3  
  178  13:43  Nexus  
  178  13:44  High Templar x2  
  178  13:45  Pylon, Zealot x3  
  188  13:53  Pylon  
  188  13:54  Archon  
  188  14:00  Zealot  
  188  14:02  Disruptor  
  191  14:10  Photon Cannon  
  191  14:11  Photon Cannon, Disruptor  
  191  14:13  Photon Cannon  
  191  14:15  Photon Cannon  
  191  14:16  Zealot x3  
  200  14:17  Shield Battery  
  200  14:18  Photon Cannon  
  200  14:19  Photon Cannon  
  198  14:36  Assimilator  
  198  14:37  Assimilator  
  198  14:38  Stargate  
  198  14:40  Stargate  
  198  14:42  Stargate  
  198  14:49  Observer x2  
  198  14:51  Protoss Air Weapons Level 1  
  190  15:10  Disruptor  
  191  15:23  Pylon  
  191  15:25  Fleet Beacon  
  191  15:38  Protoss Shields Level 1 (Chrono Boost)  
  191  15:55  Observer x3  
  170  16:18  Zealot x8  
  174  16:19  Zealot x3  
  192  16:25  Cybernetics Core  
  192  16:35  Observer x2  
  192  16:37  Nexus  
  194  16:40  Pylon  
  194  16:42  Pylon  
  186  16:51  Carrier (Chrono Boost)  
  186  16:52  Carrier x2 (Chrono Boost)  
  192  17:04  Photon Cannon  
  192  17:05  Protoss Air Armor Level 1  
  192  17:07  Photon Cannon  
  192  17:08  Photon Cannon, Protoss Air Weapons Level 2  
  192  17:11  Photon Cannon  
  192  17:12  Photon Cannon  
  192  17:14  Photon Cannon  
  190  17:16  Photon Cannon  
  190  17:17  Photon Cannon  
  190  17:20  Shield Battery  
  190  17:22  Shield Battery  
  190  17:24  Gateway, Shield Battery  
  190  17:26  Gateway  
  190  17:27  Gateway  
  190  17:28  Pylon  
  190  17:31  Photon Cannon  
  190  17:34  Photon Cannon  
  190  17:40  Carrier (Chrono Boost)  
  190  17:41  Unknown  
  191  17:52  Carrier  
  191  17:57  Unknown  
  191  17:58  Stalker x5  
  199  18:11  Observer  
  195  18:45  Flux Vanes  
  195  18:47  Protoss Shields Level 2 (Chrono Boost)  
  187  18:58  Protoss Air Armor Level 2  
  187  19:08  Dark Templar x4  
  187  19:09  Dark Templar x3  
  187  19:20  Disruptor  
  187  19:23  Disruptor  
  191  19:54  Shield Battery  
  191  19:58  Nexus  
  191  19:59  Photon Cannon, Protoss Air Weapons Level 3 (Chrono Boost)  
  191  20:01  Photon Cannon  
  191  20:03  Photon Cannon  
  191  20:04  Photon Cannon  
  190  20:07  Shield Battery  
  190  20:08  Shield Battery  
  190  20:09  Pylon  
  176  20:31  Stalker x2  
  176  20:32  Stalker x10  
  178  20:51  Void Ray x3 (Chrono Boost)  
  172  21:02  Zealot x2  
  172  21:03  Zealot x4  
  183  21:12  Assimilator  
  183  21:14  Stargate  
  183  21:15  Assimilator  
  183  21:17  Stargate x2  
  183  21:18  Void Ray x3 (Chrono Boost)  
  183  21:22  Unknown  
  165  21:45  Observer, Void Ray x3 (Chrono Boost)  
  159  21:47  Dark Templar x6  
  159  21:48  Dark Templar x4  
  191  22:01  Nexus  
  191  22:02  Pylon  
  187  22:15  Void Ray (Chrono Boost)  
  186  22:26  Void Ray x2 (Chrono Boost)  
  186  22:32  Void Ray (Chrono Boost)  
  186  22:36  Nexus  
  198  22:41  Void Ray (Chrono Boost)  
  198  22:42  Void Ray (Chrono Boost)  
  197  22:52  Nexus  
  197  22:55  Dark Templar x3  
  183  23:24  Stalker x4  
  183  23:25  Stalker x6  
  163  23:45  High Templar  
  163  23:46  High Templar x2  
  163  23:48  High Templar x4, Pylon  
  171  23:49  High Templar x6  
  171  23:50  Archon  
  171  23:52  Archon x2  
  171  23:53  Archon x3  
  188  23:57  Archon  
Tags
 
Add a new tag
Caveats
  • Supply blocks, unpowered buildings, or Contaminate may cause inaccurate times.
  • Supply counts are checked every 10 seconds.